 Dungeon Crawl Stone Soup version 0.19-a0-1049-g462a813 (webtiles) character file.

749 epen the Spear-Bearer (level 7, -6/55 HPs)
             Began as a Merfolk Chaos Knight on July 31, 2016.
             Killed from afar by Gagarin's ghost (32 damage)
             ... with a bolt of negative energy
             ... on level 6 of the Dungeon.
             The game lasted 00:07:04 (3744 turns).

epen the Spear-Bearer (Merfolk Chaos Knight)        Turns: 3744, Time: 00:07:05

Health: -6/55      AC:  7    Str: 15    XL:     7   Next: 77%
Magic:  7/7        EV: 13    Int: 13    God:    Xom [..*...]
Gold:   252        SH:  0    Dex: 13    Spells: 0 memorised, 6 levels left

rFire  . . .     SeeInvis +     o - +0 glaive
rCold  + . .     Gourm    .     b - +2 leather armour
rNeg   . . .     Faith    .     (shield currently unavailable)
rPois  .         Spirit   .     (helmet restricted)
rElec  .         Dismiss  .     u - +0 cloak
rCorr  .         Reflect  .     (no gloves)
SustAt .         Harm     .     (no boots)
MR     +....                    q - amulet of regeneration
Stlth  +.........               r - +2 ring of intelligence
                                w - ring of see invisible

@: drained, somewhat resistant to hostile enchantments, very unstealthy
A: change form in water, swift swim, horns 1, cold resistance 1, deterioration
1, magic resistance 1, shaggy fur 1, MP-powered wands
a: Renounce Religion


You were on level 6 of the Dungeon.
You worshipped Xom.
You were a toy of Xom.
You were not hungry.

You visited 1 branch of the dungeon, and saw 6 of its levels.

You collected 252 gold pieces.

Inventory:

Hand Weapons
 a - a +0 spear of chaos
 o - a +0 glaive (weapon)
Missiles
 E - a throwing net (quivered)
Armour
 b - a +2 leather armour (worn)
 s - a cursed +0 buckler
 u - a +0 cloak (worn)
 x - a +0 helmet
Jewellery
 k - an uncursed amulet of magic regeneration
 q - an amulet of regeneration (around neck)
 r - a +2 ring of intelligence (right hand)
 w - a ring of see invisible (left hand)
Wands
 y - a wand of confusion (24/48)
Scrolls
 d - a scroll of enchant armour {unknown}
 e - 4 scrolls of identify {unknown}
 g - a scroll of amnesia {unknown}
 h - 2 scrolls of teleportation {unknown}
 i - 3 scrolls of fear {unknown}
 l - 2 scrolls of remove curse {unknown}
 z - a scroll of noise {unknown}
 A - a scroll of fog {unknown}
 C - a scroll of recharging {unknown}
Potions
 f - 2 potions of cancellation {unknown}
 m - a potion of heal wounds {unknown}
 p - a potion of invisibility {unknown}
 v - 2 potions of curing {unknown}
 B - a potion of cure mutation {unknown}
Comestibles
 c - 2 bread rations
 j - 3 fruits
 n - 3 meat rations
 t - 2 slices of pizza
 D - a chunk of flesh


   Skills:
 + Level 4.5(3.5) Fighting
 * Level 8.1(7.0) Polearms
 * Level 3.2(2.2) Armour
 + Level 5.0(4.0) Dodging
 + Level 2.0(1.1) Shields
 + Level 1.3(0.4) Evocations


You had 6 spell levels left.
You didn't know any spells.

Dungeon Overview and Level Annotations

Branches:
Dungeon (6/15)             Temple (0/1) D:5

Altars:
Trog
Uskayaw

Shops:
D:4 :

Annotations:
D:6 Gagarin's ghost, novice DrFE


Innate Abilities, Weirdness & Mutations

You revert to your normal form in water.
You are very nimble and swift while swimming.
You have a pair of small horns on your head.
Your flesh is cold resistant. (rC+)
Your body sometimes deteriorates upon taking damage.
You are resistant to hostile enchantments. (MR+)
You are covered in fur. (AC +1)
You expend magic power (3 MP) to strengthen your wands.


Message History

Press: ? - help, Dir - move target cursor, f - Gagarin's ghost
Aim: Gagarin's ghost You reach to attack!
You barely miss Gagarin's ghost. Gagarin's ghost closely misses you.
You hit Gagarin's ghost.
Gagarin's ghost is lightly damaged.
The giant gecko completely misses you.
Gagarin's ghost points at you and mumbles some strange words.
The flame tongue hits you!
The giant gecko bites you but does no damage.
You miss Gagarin's ghost. You headbutt Gagarin's ghost.
Gagarin's ghost is lightly damaged.
Gagarin's ghost gestures at you while chanting.
The flame tongue misses you.
The giant gecko bites you but does no damage.
Gagarin's ghost breathes negative energy at you.
The bolt of negative energy hits you!
You feel drained.
Ouch! That really hurt!
You die...
Xom giggles madly!

... ..## ..# . #.# ..
##########.## ...
#..(<.......## ....
#.........#..# .....
#.........##.##......
#............@W.$....
#...<.....##..l......
#...........##.....$.
###########..###.....
##... .#... ### # #.


You could see Gagarin's ghost and a giant gecko.

Vanquished Creatures
  Menkaure (D:4)
  2 sky beasts (D:5)
  The ghost of Aquadorian the Cudgeler, an amateur TrWr (D:4)
  An ogre (D:5)
  A crocodile (D:4)
  2 orc wizards (D:3)
  A worker ant (D:5)
  3 adders
  An ooze (D:4)
  An adder skeleton (D:5)
  3 worms
  3 giant geckos
  11 orcs (D:3)
  5 giant cockroaches
  3 hobgoblins
  4 jackals (D:3)
  2 kobolds (D:3)
  3 quokkas
  4 ball pythons
  8 bats
  A giant gecko skeleton (D:4)
  4 giant newts
  4 goblins
  A quokka skeleton (D:4)
  6 rats
76 creatures vanquished.

Notes
Turn   | Place    | Note
-------+----------+-------------------------------------------
     0 | D:1      | epen the Merfolk Chaos Knight began the quest for the Orb.
     0 | D:1      | Reached XP level 1. HP: 18/18 MP: 1/1
   115 | D:1      | Reached XP level 2. HP: 24/24 MP: 2/2
   131 | D:1      | XOM: divination: magic mapping
   366 | D:1      | Reached skill level 1 in Armour
   545 | D:2      | XOM: divination: detect creatures
   614 | D:2      | Reached skill level 5 in Polearms
   628 | D:2      | Reached XP level 3. HP: 29/29 MP: 3/3
   986 | D:2      | XOM: harmless Tmut miscast
  1208 | D:3      | XOM: divination: detect creatures
  1210 | D:3      | XOM: confuse monster(s)
  1470 | D:3      | XOM: divination: detect creatures
  1479 | D:3      | Reached XP level 4. HP: 23/36 MP: 4/4
  1624 | D:3      | Reached skill level 6 in Polearms
  1854 | D:3      | Reached XP level 5. HP: 42/42 MP: 5/5
  1978 | D:3      | Found a bloodstained altar of Trog.
  2231 | D:3      | XOM: silly message
  2456 | D:4      | Noticed Menkaure
  2471 | D:4      | XOM: potion effect (berserk rage)
  2472 | D:4      | Killed Menkaure
  2472 | D:4      | Reached XP level 6. HP: 28/48 MP: 6/6
  2513 | D:4      | XOM: cloud trail
  2685 | D:4      | Noticed Aquadorian's ghost (amateur TrWr)
  2686 | D:4      | XOM: confuse monster(s)
  2706 | D:4      | Killed Aquadorian's ghost
  2706 | D:4      | Reached skill level 7 in Polearms
  2706 | D:4      | Reached skill level 1 in Shields
  2756 | D:4      | XOM: summons friendly crimson imp
  2795 | D:4      | Reached XP level 7. HP: 20/54 MP: 7/7
  3076 | D:4      | Found Ruhan's Book Shop.
  3088 | D:4      | Found a hide-covered altar of Uskayaw.
  3103 | D:5      | Entered Level 5 of the Dungeon
  3110 | D:5      | Found a staircase to the Ecumenical Temple.
  3343 | D:5      | XOM: draining
  3374 | D:5      | XOM: cast spell 'Leda's Liquefaction'
  3385 | D:5      | Reached skill level 1 in Evocations
  3392 | D:5      | Gained mutation: You expend magic power (3 MP) to strengthen your wands. [mutagenic meat]
  3395 | D:5      | Gained mutation: You are frail. (-10% HP) [mutagenic meat]
  3398 | D:5      | Gained mutation: You have a pair of small horns on your head. [mutagenic meat]
  3401 | D:5      | Gained mutation: You are resistant to hostile enchantments. (MR+) [mutagenic meat]
  3530 | D:5      | XOM: cloud trail
  3621 | D:5      | Reached skill level 8 in Polearms
  3621 | D:5      | Reached skill level 5 in Dodging
  3632 | D:5      | Gained mutation: You are covered in fur. (AC +1) [mutagenic meat]
  3638 | D:5      | Gained mutation: Your flesh is cold resistant. (rC+) [mutagenic meat]
  3656 | D:5      | XOM: enchant monster (bad)
  3691 | D:5      | XOM: give mutations
  3691 | D:5      | Gained mutation: Your body sometimes deteriorates upon taking damage. [Xom's mischief]
  3691 | D:5      | Lost mutation: You are frail. (-10% HP) [Xom's mischief]
  3738 | D:6      | Noticed Gagarin's ghost (novice DrFE)
  3744 | D:6      | Killed from afar by Gagarin's ghost

Vault maps used:
D:1:      dpeg_arrival_tiny_j, minmay_heptomino_d4
D:3:      first_bread, moated_statue, minmay_stone_trees_medium,
          trog_butcher_becter
D:4:      kennysheep_mini, serial_shops, kennysheep_mini_moat, uniq_menkaure
D:6:      minivault_1, uniq_eustachio

Skill      XL: |  1  2  3  4  5  6  7 |
---------------+----------------------+-----
Dodging        | 3 4 5 |  5.0
Armour         | 1 2 3 |  3.2
Polearms       | 5 6 7 8 |  8.1
Fighting       | 4 |  4.5
Shields        | 1 2 |  2.0
Evocations     | 1 |  1.3

Action                   |  1- 3 |  4- 6 |  7- 9 || total
-------------------------+-------+-------+-------++-------
Melee: Spear             |   133 |   102 |       ||   235
       Glaive            |       |    38 |    66 ||   104
       Headbutt          |       |       |     5 ||     5
 Stab: Sleeping          |     4 |     1 |       ||     5
       Confused          |     2 |     2 |       ||     4
  Eat: Chunk             |     2 |     3 |    13 ||    18
Armor: Leather armour    |    18 |    20 |    14 ||    52
Dodge: Dodged            |    56 |    48 |    56 ||   160
